 Seeded DCSS version 0.27.1-34-g3ba077fa99 (webtiles) character file.

Game seed: 18446744073709551615 (custom seed)

44 xaos the Skirmisher (level 3, 0/33 HPs)
             Began as a Hill Orc Fighter on Jan 7, 2022.
             Slain by a gnoll (5 damage)
             ... on level 2 of the Dungeon on Jan 17, 2022.
             The game lasted 00:07:08 (889 turns).

xaos the Skirmisher (Hill Orc Fighter)               Turns: 889, Time: 00:07:08

Health: 0/33       AC:  6    Str: 19    XL:     3   Next: 62%
Magic:  3/3        EV:  7    Int:  8    God:
Gold:   50         SH:  9    Dex: 10    Spells: 2/2 levels left

rFire    . . .     SeeInvis .   a - +0 war axe
rCold    . . .     Faith    .   c - +0 kite shield
rNeg     + . .     Spirit   .   b - +0 scale mail
rPois    .         Reflect  .   (no helmet)
rElec    .         Harm     .   (no cloak)
rCorr    .         Rampage  .   (no gloves)
Will     .....                  (no boots)
Stlth    ..........             (no amulet)
HPRegen  0.11/turn              f - ring of positive energy
MPRegen  0.08/turn              (no ring)

@: no status effects
A: no striking features
a: no special abilities


You were on level 2 of the Dungeon.
You visited 1 branch of the dungeon, and saw 2 of its levels.

You collected 50 gold pieces.

Inventory:

Hand Weapons
 a - a +0 war axe (weapon)
 j - a +0 dagger
Missiles
 e - 56 stones (quivered)
 h - 6 javelins
Armour
 b - a +0 scale mail (worn)
 c - a +0 kite shield (worn)
 g - a +0 leather armour
Jewellery
 f - a ring of positive energy (left hand)
Scrolls
 i - a scroll of vulnerability {unknown}
Potions
 d - a potion of might


   Skills:
 + Level 4.2 Fighting
 + Level 3.5 Axes
 + Level 3.5 Armour
 + Level 0.2 Dodging
 + Level 3.8 Shields


You had 2 spell levels left.
You didn't know any spells.
Your spell library contained the following spells:

 Spells                   Type           Power      Damage    Failure   Level
 Sandblast                Erth           0%         2d4       99%         1


Dungeon Overview and Level Annotations

Branches:
Dungeon (1/15)

Altars:

Shops:
D:1 [


Message History

The gnoll hits you with a +0 spear.
* * * LOW HITPOINT WARNING * * *
You block the gnoll's attack.
You see here 15 stones.
e - 56 stones (gained 15)
The gnoll barely misses you. The gnoll hits you but does no damage.
Found 10 gold pieces.
An endoplasm and a skeleton come into view.
The endoplasm quivers.
A dart slug comes into view.
The dart slug launches a dart at you. The slug dart hits you.
* * * LOW HITPOINT WARNING * * *
A hobgoblin comes into view.
The hobgoblin shouts!
You hit the hobgoblin.
The hobgoblin is moderately wounded.
The hobgoblin hits you but does no damage.
The adder skeleton bites you but does no damage.
You hit the hobgoblin.
The hobgoblin is almost dead.
You hit the adder skeleton but do no damage.
You block the adder skeleton's attack. You block the hobgoblin's attack.
The adder skeleton bites you but does no damage.
The hobgoblin hits you but does no damage.
You hit the hobgoblin.
You kill the hobgoblin!
You hit the adder skeleton.
You see here a hobgoblin corpse.
A hobgoblin comes into view. It is quivering poisoned darts.
The hobgoblin shouts!
The hobgoblin throws a poisoned dart.
You block the poisoned dart. You block the endoplasm's attack.
You slash the endoplasm!
You kill the endoplasm!
The gnoll closely misses you. You block the gnoll's attack.
You closely miss the gnoll. The gnoll hits you with a +0 spear.
You die...

.#. ####.###..#....
.g.. #.....#...##..#
#.. #....w.#.# #..#
...
#..Z..#.####..###
#.###.#.##..g.g.....
.g.#†#.#######..###
#.#Z#.## #..#
#.gw...# #..#
#.###@####.# #..#
#.....# .# #..###
##...## .# #.....
#....#. #..... #.#.#
## #.# ###### # ##
#.# # #.# # #.### #
....#


You could see a gnoll, a dart slug, a hobgoblin and an adder skeleton.

Vanquished Creatures
  Natasha (D:2)
  A dart slug (D:1)
  A bat (D:1)
  An endoplasm (D:2)
  2 goblins (D:1)
  3 hobgoblins
  2 kobolds (D:1)
  A quokka (D:2)
  3 ball pythons (D:1)
  A frilled lizard (D:1)
  3 rats (D:1)
19 creatures vanquished.

Vanquished Creatures (others)
  2 fungi (D:1)
  A plant (D:1)
3 creatures vanquished.

Grand Total: 22 creatures vanquished

Notes
Turn   | Place    | Note
-------+----------+-------------------------------------------
     0 | D:1      | xaos the Hill Orc Fighter began the quest for the Orb.
     0 | D:1      | Reached XP level 1. HP: 19/19 MP: 1/1
   141 | D:1      | Found a faded altar of an unknown god.
   147 | D:1      | Got Plato's Grimoire of Stones
   257 | D:1      | Reached XP level 2. HP: 27/27 MP: 2/2
   281 | D:1      | Found Wusebb's Antique Armour Emporium.
   292 | D:1      | Reached skill level 4 in Fighting
   695 | D:1      | You fall into a shaft and drop 1 floor!
   835 | D:2      | Noticed Natasha
   839 | D:2      | Noticed a crimson imp
   844 | D:2      | Killed Natasha
   845 | D:2      | Reached XP level 3. HP: 18/33 MP: 3/3
   889 | D:2      | Slain by a gnoll

Illustrated notes

Levels and vault maps discovered:
D:1:      minmay_arrival_widening_spiral_wide, layout_basic, serial_shops, shop,
          shapermc_ecumenical_altar_rom_forum
D:2:      layout_loops_ring, serial_shops, shop, minmay_misc_feat_five,
          minmay_tiny_reverse_x, uniq_robin, uniq_natasha

Skill      XL: |  1  2 |
---------------+-------+-----
Fighting       | 4 |  4.2
Axes           | 3 |  3.5
Armour         | |  3.5
Dodging        | |  0.2
Shields        | |  3.8

Action                   || total
-------------------------++-------
Melee: War axe           ||    67
Armor: Scale mail        ||    35
Dodge: Dodged            ||    34
Block: Kite shield       ||    45
